 Dungeon Sprint DCSS version 0.28-a0-863-g8cecda6153 (webtiles) character file.

Game seed: 12276479726960146404

1241 kae the Grappler (level 8, -9/88 HPs)
             Began as a Purple Draconian Transmuter on Nov 18, 2021.
             Was an Initiate of Ru.
             Mangled by a demonic crawler (10 damage)
             ... in the Dungeon (Sprint I: "Red Sonja").
             The game lasted 00:02:24 (1506 turns).

kae the Grappler (Purple Draconian Transmuter)      Turns: 1506, Time: 00:02:25

Health: -9/88      AC:  8    Str: 11 (12) XL:     8   Next: 25%
Magic:  18/20      EV: 11    Int: 16 (17) God:    Ru [......]
Gold:   405        SH:  0    Dex:  9 (11) Spells: 15/23 levels left

rFire   x . .      SeeInvis .     - Unarmed
rCold   + + +      Faith    .   (shield currently unavailable)
rNeg    . . .      Spirit   .   (armour unavailable)
rPois   +          Reflect  .   (helmet currently unavailable)
rElec   .          Harm     .   (cloak currently unavailable)
rCorr   .          Rampage  .   (gloves currently unavailable)
Will    +....      NoTele   +   (boots currently unavailable)
Stlth   ..........              (no amulet)
HPRegen 0.24/turn               e - ring of flight
MPRegen 0.17/turn               (no ring)

@: ice-form, flying
A: freezing attack, amphibious, boosted hp, (breathe power), AC +6, large,
unfitting armour, (cold-blooded), no stealth
a: End Transformation, Renounce Religion


You were in the Dungeon.
You worshipped Ru.
Ru was noncommittal.
You were a creature of crystalline ice.
You visited 1 branch You collected 405 gold pieces.

Inventory:

Jewellery
 e - a ring of flight (left front paw)
Potions
 a - a potion of curing
 b - a potion of heal wounds
 d - 2 potions of magic


   Skills:
 + Level 8.0 Fighting
 + Level 6.9 Dodging
 * Level 9.5 Unarmed Combat
 + Level 8.4 Spellcasting
 * Level 9.1 Transmutations
 - Level 4.0 Ice Magic
 - Level 1.0 Poison Magic


You had 15 spell levels left.
You knew the following spells:

 Your Spells              Type           Power      Damage    Failure   Level
a - Beastly Appendage     Tmut           72%        N/A       1%          1
b - Spider Form           Tmut/Pois      22%        N/A       4%          3
c - Ice Form              Ice/Tmut       27%        N/A       7%          4

Your spell library contained the following spells:

 Spells                   Type           Power      Damage    Failure   Level
 Wereblood                Tmut           36%        N/A       1%          2


Dungeon Overview and Level Annotations

Branches:
Dungeon (1/1)

Altars:
Cheibriados
Dithmenos
Elyvilon
Fedhas
Gozag
Hepliaklqana
Kikubaaqudgha
Makhleb
Nemelex Xobeh
Okawaru
Qazlal
Ru
Sif Muna
Trog
Uskayaw
Vehumet
Wu Jian
Xom
Yredelemnul
Zin
The Shining One
Jiyva
Lugonu

Shops:
D :

Annotations:
D exclusion: 2 doors


Innate Abilities, Weirdness & Mutations

You are a creature of crystalline ice.
You have a powerful freezing melee attack.
You are amphibious.
Your maximum health is increased.
Your armour is entirely melded.
You are incapable of wielding weapons or throwing items.
((You can breathe bolts of dispelling energy.))
((Your rich purple scales are hard. (AC +6)))
You cannot fit into any form of body armour.
((You are cold-blooded and may be slowed by cold attacks.))
You cannot be stealthy.


Message History

You hit the demonic crawler but do no damage.
The demonic crawler closely misses you. The demonic crawler hits you.
The demonic crawler closely misses you.
The demonic crawler hits you but does no damage.
The demonic crawler hits you. x2
There is an open door here.
You punch the demonic crawler! You freeze the demonic crawler.
The demonic crawler is lightly wounded.
The demonic crawler misses you.
The demonic crawler hits you but does no damage.
The demonic crawler barely misses you.
The demonic crawler hits you but does no damage.
The demonic crawler hits you! The demonic crawler hits you.
You hit the demonic crawler. You freeze the demonic crawler.
The demonic crawler is moderately wounded.
The demonic crawler closely misses you. The demonic crawler hits you.
The demonic crawler hits you! The demonic crawler hits you.
The demonic crawler barely misses you. x2
You punch the demonic crawler!
The demonic crawler is heavily wounded.
The demonic crawler hits you!
The demonic crawler barely misses you. x2
The demonic crawler hits you! The demonic crawler hits you.
The demonic crawler completely misses you. x2
The demonic crawler hits you. x2
You punch the demonic crawler!
The demonic crawler is severely wounded.
The demonic crawler hits you but does no damage. x2
The demonic crawler misses you. The demonic crawler hits you.
* * * LOW HITPOINT WARNING * * *
The demonic crawler barely misses you. x2
You hit the demonic crawler. You freeze the demonic crawler.
The demonic crawler is severely wounded.
The demonic crawler hits you!
* * * LOW HITPOINT WARNING * * *
The demonic crawler hits you!
* * * LOW HITPOINT WARNING * * *
The demonic crawler hits you!
* * * LOW HITPOINT WARNING * * *
The demonic crawler hits you!
You die...

##########################
#<.#..').#.)'..#__#..'...#
#..').#..'..#..s.ss.s#...##+
#..#####'#####'#__####..ss..
#..####..#...#.#### #####..
#..#__####s.##s# #
#..#_____##Y#_.+
#⌠⌠#_.∩...'.s._#
####_..__##_.#'#
#_____###+#(# ####### ###


You could see 2 demonic crawlers.

Vanquished Creatures
  2 kobold demonologists (D)
  A slime creature (D)
  Sigmund (D)
  A yak (D)
  A floating eye (D)
  An ogre (D)
  A jelly (D)
  Ijyb (D)
9 creatures vanquished.

Notes
Turn   | Place    | Note
-------+----------+-------------------------------------------
     0 | D        | kae the Draconian Transmuter began the quest for the Orb.
     0 | D        | Reached XP level 1. HP: 16/16 MP: 3/3
     4 | D        | Noticed Ijyb
    17 | D        | Killed Ijyb
    18 | D        | Reached XP level 2. HP: 11/25 MP: 3/6
   199 | D        | Noticed an ogre
   202 | D        | Killed an ogre
   203 | D        | Reached skill level 5 in Unarmed Combat
   203 | D        | Reached XP level 3. HP: 31/34 MP: 5/8
   203 | D        | Reached XP level 4. HP: 37/41 MP: 6/10
   213 | D        | Learned a level 3 spell: Spider Form
   218 | D        | Learned a level 4 spell: Ice Form
   315 | D        | Noticed Sigmund
   325 | D        | Killed Sigmund
   326 | D        | Reached skill level 5 in Fighting
   326 | D        | Reached skill level 5 in Dodging
   326 | D        | Reached skill level 5 in Spellcasting
   326 | D        | Reached skill level 5 in Transmutations
   326 | D        | Reached skill level 1 in Poison Magic
   326 | D        | Reached XP level 5. HP: 49/49 MP: 8/12
   365 | D        | Found an ornate altar of the Wu Jian Council.
   365 | D        | Found a shimmering blue altar of Sif Muna.
   369 | D        | Found a radiant altar of Vehumet.
   376 | D        | Reached XP level 6. HP: 33/57 MP: 10/13
   506 | D        | Found Camumnet's Book Emporium.
   506 | D        | Found an ancient bone altar of Kikubaaqudgha.
   506 | D        | Found a hazy altar of Hepliaklqana.
   506 | D        | Found a stormy altar of Qazlal.
   506 | D        | Found a hide-covered altar of Uskayaw.
   506 | D        | Found a blossoming altar of Fedhas.
   506 | D        | Found a bloodstained altar of Trog.
   506 | D        | Found an iron altar of Okawaru.
   506 | D        | Found a basalt altar of Yredelemnul.
   506 | D        | Found a glowing golden altar of the Shining One.
   506 | D        | Found a snail-covered altar of Cheibriados.
   506 | D        | Found a sacrificial altar of Ru.
   506 | D        | Found a glowing silver altar of Zin.
   506 | D        | Found a shadowy altar of Dithmenos.
   506 | D        | Found a white marble altar of Elyvilon.
   506 | D        | Noticed a yak
   509 | D        | Killed a yak
   510 | D        | Found an opulent altar of Gozag.
   511 | D        | Found a sparkling altar of Nemelex Xobeh.
   583 | D        | Became a worshipper of Ru the Awakened
   606 | D        | Found a burning altar of Makhleb.
   606 | D        | Found a viscous altar of Jiyva.
   606 | D        | Found a shimmering altar of Xom.
   606 | D        | Found a corrupted altar of Lugonu.
   606 | D        | Noticed a slime creature
   617 | D        | Killed a slime creature
   618 | D        | Your scales start taking on a rich purple colour.
   618 | D        | Reached XP level 7. HP: 28/64 MP: 12/17
   884 | D        | Noticed a kobold demonologist
   886 | D        | Noticed a kobold demonologist
   896 | D        | Killed a kobold demonologist
   897 | D        | Noticed a neqoxec
   899 | D        | Killed a kobold demonologist
   900 | D        | Reached XP level 8. HP: 74/74 MP: 17/20
  1123 | D        | Noticed a demonic crawler
  1123 | D        | Noticed a demonic crawler
  1123 | D        | Noticed a demonic crawler
  1123 | D        | Noticed a demonic crawler
  1133 | D        | Gained mutation: You cannot be stealthy. [Ru sacrifice]
  1506 | D        | HP: 1/88 [demonic crawler (7)]
  1506 | D        | Mangled by a demonic crawler

Illustrated notes

Levels and vault maps discovered:
D:        dungeon_sprint_1 [red_sonja_temple_1, red_sonja_temple_small_1]

Skill      XL: |  1  2  3  4  5  6  7 |
---------------+----------------------+-----
Fighting       | 2 4 5 6 8 |  8.0
Dodging        | 2 4 5 6 |  6.9
Spellcasting   | 3 4 5 7 8 |  8.4
Transmutations | 3 4 5 7 9 |  9.1
Unarmed Combat | 5 6 8 9 |  9.5
Ice Magic      | 3 4 |  4.0
Poison Magic   | 1 |  1.0

Action                   |  1- 3 |  4- 6 |  7- 9 || total
-------------------------+-------+-------+-------++-------
Melee: Unarmed           |    14 |    23 |    15 ||    52
       Kick              |     6 |       |       ||     6
       Headbutt          |     1 |       |       ||     1
       Tailslap          |     1 |       |       ||     1
 Cast: Beastly Appendage |     2 |       |       ||     2
       Spider Form       |       |     2 |       ||     2
       Ice Form          |       |     2 |     3 ||     5
Invok: Sacrifice Stealth |       |       |     1 ||     1
  Use: Potion            |     2 |       |     2 ||     4
       Scroll            |       |       |     1 ||     1
Armor: Skin              |     1 |     1 |     7 ||     9
Dodge: Dodged            |     3 |    12 |    18 ||    33

Table legend: (Time is in decaauts)
 A = Elapsed time spent in this place.
 B = Non-inter-level travel time spent in this place.
 C = Inter-level travel time spent in this place.
 D = Time resting spent in this place.
 E = Time spent auto-exploring this place.
 F = Levels seen in this place.
 G = Mean time per level.
                   A        B        C        D        E       F      G
               +--------+--------+--------+--------+--------+-----+--------+
         Total |   1492 |   1477 |     15 |    938 |    308 |   1 | 1492.0 |
       Dungeon |   1492 |   1477 |     15 |    938 |    308 |   1 | 1492.0 |
               +--------+--------+--------+--------+--------+-----+--------+

Top non-repeatable levels by time:
       D: 1492 daAuts
